 Dungeon Crawl Stone Soup version 0.32-a0-871-ge202e49faa (webtiles) character file.

Game seed: 1930481254303144764

259 bmack86 the Chopper (level 5, -9/45 HPs)
             Began as a Minotaur Fighter on Mar 29, 2024.
             Mangled by an ogre
             ... wielding a +0 giant club
              (28 damage)
             ... on level 4 of the Dungeon.
             The game lasted 00:06:27 (3346 turns).

bmack86 the Chopper (Minotaur Fighter)              Turns: 3346, Time: 00:06:28

Health: -9/45      AC:  8    Str: 22    XL:     5   Next: 95%
Magic:  4/4        EV:  8    Int:  5    God:
Gold:   139        SH:  4    Dex: 10    Spells: 4/4 levels left

rFire   . . .        a - +1 war axe
rCold   . . .        c - +0 buckler
rNeg    . . .        b - +0 scale mail
rPois   +            (helmet restricted)
rElec   .            d - +0 cloak
rCorr   .            (no gloves)
SInv    .            (no boots)
Will    .....        (no amulet) Stlth
                     n - ring of poison resistance
HPRegen 0.27/turn    (no ring)
MPRegen 0.09/turn

%: no passive effects
@: no status effects
A: horns 2, retaliatory headbutt
a: no special abilities


You were on level 4 of the Dungeon.
You visited 1 branch of the dungeon, and saw 4 of its levels.

You collected 159 gold pieces.
You spent 20 gold pieces at shops.

Inventory:

Hand Weapons
 a - a +1 war axe (weapon)
Missiles
 i - 6 curare-tipped darts (quivered)
Armour
 b - a +0 scale mail (worn)
 c - a +0 buckler (worn)
 d - a +0 cloak (worn)
 h - a +3 tower shield of reflection
Jewellery
 n - a ring of poison resistance (left hand)
Scrolls
 e - a scroll of immolation
 f - a scroll of teleportation {unknown}
 g - a scroll of identify
 l - a scroll of butterflies
 q - 2 scrolls of blinking
Potions
 j - 3 potions of enlightenment
 k - 3 potions of brilliance
 p - 2 potions of resistance
 r - a potion of attraction
 t - a potion of lignification


   Skills:
 - Level 3.6 Fighting
 * Level 6.1 Axes
 - Level 3.6 Armour
 + Level 5.7 Shields


You had 4 spell levels left.
You didn't know any spells.
Your spell library contained the following spells:

 Spells                   Type           Power      Damage    Failure   Level
 Tukima's Dance           Hex            0%         N/A       99%         3
 Passage of Golubria      Tloc           0%         N/A       100%        4
 Summon Forest            Summ/Tloc      0%         N/A       100%        5
 Summon Mana Viper        Hex/Summ       0%         N/A       100%        5
 Yara's Violent Unravell  Hex/Alch       0%         3d3       100%        5
 Summon Cactus Giant      Summ           0%         N/A       100%        6


Dungeon Overview and Level Annotations

Branches:
Dungeon (4/15)
 Temple: D:4-7

Altars:
Ashenzari
Makhleb

Shops:
D:1 ?*[**


Innate Abilities, Weirdness & Mutations

You have a pair of horns on your head.
You reflexively headbutt those who attack you in melee.


Message History

Things that are here:
a +4 quarterstaff of chaos; the gnoll corpse of Crazy Yiuf You swap places.
Your butterfly disappears in a burst of colours!
You swap places.
Your butterfly disappears in a burst of colours!
Your butterfly disappears in a burst of colours!
An endoplasm comes into view.
Found a dagger.
The endoplasm quivers.
Found a stone staircase leading down.
You slash the endoplasm!
You kill the endoplasm!
Found a scroll labelled DIMNOFIHAE.
f - a scroll labelled DIMNOFIHAE
Found 11 gold pieces.
You feel a little less mighty now.
Found 2 stones.
You now have 139 gold pieces (gained 11).
A kobold comes into view. It is wielding a +0 dagger.
Found a stone staircase leading up.
Found an escape hatch in the floor.
The kobold hits you but does no damage.
You slash the kobold!
You kill the kobold!
You see here a +0 dagger.
g - a scroll of identify
l - a scroll of butterflies An ogre comes into view.
It is wielding a +0 giant club.
Found a twisted copper wand.
The ogre shouts!
You see here a wand of light (13).
You barely miss the ogre. You headbutt the ogre.
The ogre is lightly wounded.
The ogre hits you with a +0 giant club!!
Ouch! That really hurt!
You slash the ogre! You headbutt the ogre!
The ogre is severely wounded.
The ogre hits you with a +0 giant club!!
Ouch! That really hurt!
You die...

....... ## .......# ##.##
##........##....# #
#......#........## ..
##.......#........# #.
#.......##.........
#..####.O.............#..
##.......@.............#..
........######..........#.
....#......# #..#......##.
..........#####.##....#...
#..##.###....#............
.. ##....#.##....###.....
. ........#..............#
##.####.#..#....##.....# #
..##.#............


You could see an ogre.

Vanquished Creatures
  Crazy Yiuf (D:4)
  Jessica (D:2)
  An orc wizard (D:3)
  7 gnolls
  4 adders (D:2)
  A dart slug (D:3)
  5 orcs (D:3)
  5 bats
  6 endoplasms
  6 giant cockroaches
  5 goblins
  8 hobgoblins
  2 jackals (D:3)
  4 quokkas
  2 ball pythons (D:1)
  3 frilled lizards
  6 kobolds
  4 rats
71 creatures vanquished.

Notes
Turn   | Place    | Note
-------+----------+-------------------------------------------
     0 | D:1      | bmack86 the Minotaur Fighter began the quest for the Orb.
     0 | D:1      | Reached XP level 1. HP: 19/19 MP: 0/0
   117 | D:1      | Found Qosongyl's General Store.
   123 | D:1      | Bought a scroll of identify for 20 gold pieces
   133 | D:1      | Found Okaeklacacw's General Store.
   197 | D:1      | Reached XP level 2. HP: 26/26 MP: 1/1
   299 | D:1      | Reached skill level 3 in Axes
   306 | D:1      | Found Baudgh's Assorted Antiques.
   358 | D:1      | Found Saigam's Magic Scroll Shoppe.
   644 | D:1      | Found Umahu's Antique Armour Shop.
   955 | D:2      | Noticed Jessica
   961 | D:2      | Killed Jessica
   962 | D:2      | Reached skill level 4 in Axes
   962 | D:2      | Reached XP level 3. HP: 21/31 MP: 2/2
   998 | D:2      | Found a broken altar of Ashenzari.
  1287 | D:2      | Reached XP level 4. HP: 26/39 MP: 3/3
  1752 | D:2      | Reached skill level 5 in Shields
  1956 | D:3      | Reached skill level 5 in Axes
  1961 | D:3      | Reached XP level 5. HP: 20/45 MP: 4/4
  2585 | D:3      | Found a faded altar of an unknown god.
  2942 | D:3      | Found a burning altar of Makhleb.
  3202 | D:4      | Reached skill level 6 in Axes
  3226 | D:4      | Found a runed translucent door.
  3227 | D:4      | Noticed Crazy Yiuf
  3233 | D:4      | Killed Crazy Yiuf
  3341 | D:4      | Noticed an ogre
  3346 | D:4      | Mangled by an ogre

Illustrated notes

Levels and vault maps discovered:
D:1:      heliophobic_arrival_ceremonial_halls, layout_basic, serial_shops,
          nicolae_shop_back_alley_shop, shop, shop, nicolae_diamond_shop,
          nicolae_shop_advertising_works [nicolae_subvault_shop_adworks]
D:2:      layout_basic, basic_altar, uniq_jessica
D:3:      layout_loops_corners, marbit_many_paths,
          hellmonk_ecumenical_altar_leap_of_faith
D:4:      layout_cave_pools, minmay_temple_entry_fiery, uniq_crazy_yiuf_cottage

Skill      XL: |  1  2  3  4  5 |
---------------+----------------+-----
Shields        | 4 5 |  5.7
Axes           | 4 5 6 |  6.1
Fighting       | |  3.6
Armour         | |  3.6

Action                     |  1- 3 |  4- 6 || total
---------------------------+-------+-------++-------
  Melee: War axe           |    76 |    77 ||   153
         Headbutt          |     4 |    12 ||    16
    Use: Scroll            |     2 |    11 ||    13
         Potion            |       |     1 ||     1
 Armour: Scale mail        |    81 |    80 ||   161
  Dodge: Dodged            |    36 |    31 ||    67
  Block: Buckler           |    28 |    22 ||    50

Table legend: (Time is in decaauts)
 A = Elapsed time spent in this place.
 B = Non-inter-level travel time spent in this place.
 C = Inter-level travel time spent in this place.
 D = Time resting spent in this place.
 E = Time spent auto-exploring this place.
 F = Levels seen in this place.
 G = Mean time per level.
                   A        B        C        D        E       F      G
               +--------+--------+--------+--------+--------+-----+--------+
         Total |   3394 |   3300 |     94 |    179 |   2436 |   4 |  848.5 |
       Dungeon |   3394 |   3300 |     94 |    179 |   2436 |   4 |  848.5 |
               +--------+--------+--------+--------+--------+-----+--------+

Top non-repeatable levels by time:
     D:3: 1252 daAuts
     D:2: 1007 daAuts
     D:1: 974 daAuts
     D:4: 161 daAuts
